 Dungeon Crawl Stone Soup version 0.23-a0-451-g1044d4c (webtiles) character file.

26 MisterFreud the Sneak (level 3, 0/28 HPs)
             Began as a Naga Fire Elementalist on Nov 22, 2018.
             Shot with an arrow by a centaur (4 damage)
             ... on level 2 of the Dungeon.
             The game lasted 00:02:23 (917 turns).

MisterFreud the Sneak (Naga Fire Elementalist)       Turns: 917, Time: 00:02:24

Health: 0/28       AC:  4    Str: 10    XL:     3   Next: 8%
Magic:  6/6        EV: 10    Int: 16    God:
Gold:   52         SH:  0    Dex: 11    Spells: 5/6 levels left

rFire    . . .     SeeInvis +   i - +1 hand axe (flame)
rCold    . . .     Gourm    .   (no shield)
rNeg     . . .     Faith    .   a - +0 robe
rPois    +         Spirit   .   (no helmet)
rElec    .         Reflect  .   (no cloak)
rCorr    .         Harm     .   (no gloves)
MR       .....                  (no barding)
Stlth    +++.......             (no amulet)
HPRegen  0.09/turn              e - ring of stealth
MPRegen  0.10/turn              h - +2 ring of protection

@: very slow
A: large, see invisible, deformed body, poison resistance, slowness 2, slow
metabolism 1, spit poison 1, AC +1
a: Spit Poison


You were on level 2 of the Dungeon.
You were hungry.

You visited 1 branch of the dungeon, and saw 2 of its levels.

You collected 52 gold pieces.

Inventory:

Hand Weapons
 d - a +0 dagger
 i - a +1 hand axe of flaming (weapon)
Armour
 a - a +0 robe (worn)
Jewellery
 e - a ring of stealth (left hand)
 h - a +2 ring of protection (right hand)
Scrolls
 b - 2 scrolls of enchant weapon {unknown}
 j - 2 scrolls of identify {unknown}
Potions
 f - a potion of haste {unknown}
 g - a potion of agility {unknown}
 k - a potion of degeneration {unknown}
Comestibles
 c - 3 rations


   Skills:
 - Level 1.5 Dodging
 - Level 4.2 Stealth
 - Level 2.0 Spellcasting
 + Level 2.2 Conjurations
 - Level 3.0 Fire Magic


You had 5 spell levels left.
You knew the following spells:

 Your Spells              Type           Power        Failure   Level  Hunger
a - Flame Tongue          Conj/Fire      ##...        7%          1    #......

Your spell library contained the following spells:

 Spells                   Type           Power        Failure   Level  Hunger
 Throw Flame              Conj/Fire      ##....       11%         2    ###....
 Conjure Flame            Conj/Fire      ##......     22%         3    ###....
 Inner Flame              Hex/Fire       #.......     32%         3    ###....
 Sticky Flame             Conj/Fire      ##......     56%         4    #####..
 Fireball                 Conj/Fire      ##........   89%         5    ######.


Dungeon Overview and Level Annotations

Branches:
Dungeon (2/15)

Altars:


Innate Abilities, Weirdness & Mutations

You cannot wear boots.
Your serpentine skin is tough. (AC +1)
You have supernaturally acute eyesight. (SInv)
Armour fits poorly on your strangely shaped body.
Your system is resistant to poisons. (rPois)
You cover ground very slowly.
You have a slow metabolism.
You can spit poison.


Message History

Found a scroll labeled KENYIZ NERREASH.
There is a stone staircase leading up here.
Found 17 arrows and a mace.
b - 2 scrolls labeled KENYIZ NERREASH (gained 1)
You are feeling hungry.
Found a stone staircase leading up.
Found a stone staircase leading down.
Found a stone staircase leading down.
You now have 52 gold pieces (gained 5).
f - a glowing white potion A centaur comes into view.
The centaur shouts!
The centaur wields a +0 shortbow.
The centaur shoots an arrow.
The arrow hits you!
The centaur shoots an arrow.
The arrow hits you!
* * * LOW HITPOINT WARNING * * *
You see here an arrow.
Okay, then.
The centaur shoots an arrow.
The arrow misses you.
The centaur shoots an arrow.
The arrow hits you.
You die...

..##.##.# .. ..
.....##.## #.... ..
...#.##..####.#..#.
..#..............c.
#....###...###..#.#
.<##.# ###..##..#.#
.###.# ##.##?.#(#
#### ...#.#
#.##..#.###....#
...#.#
#.##..@.(...#
.....#
#.#>.##....##
.#...# #..........#
##.....
#..........# #....
#............#
#............#
#...<.......#.#
#>....##.#.##.#
.......##.#.# .


You could see a centaur.

Vanquished Creatures
  A dart slug (D:1)
  2 leopard geckos (D:1)
  5 bats (D:1)
  A giant cockroach (D:1)
  3 goblins (D:1)
  2 hobgoblins (D:1)
  A frilled lizard (D:1)
  A kobold (D:1)
  4 rats (D:1)
20 creatures vanquished.

Notes
Turn   | Place    | Note
-------+----------+-------------------------------------------
     0 | D:1      | MisterFreud the Naga Fire Elementalist began the quest for
                  | the Orb.
     0 | D:1      | Reached XP level 1. HP: 15/15 MP: 3/3
   139 | D:1      | Reached skill level 4 in Stealth
   170 | D:1      | Reached XP level 2. HP: 21/22 MP: 3/5
   537 | D:1      | Reached XP level 3. HP: 24/28 MP: 4/6
   913 | D:2      | Noticed a centaur
   917 | D:2      | Shot with an arrow by a centaur

Vault maps used:
D:1:      lightli_arrival_flooded_house
D:2:      xom_redecorated, minmay_tromino_i2

Skill      XL: |  1  2 |
---------------+-------+-----
Stealth        | 4 |  4.2
Conjurations   | 2 |  2.2
Dodging        | |  1.5
Spellcasting   | |  2.0
Fire Magic     | |  3.0

Action                   || total
-------------------------++-------
Melee: Dagger            ||     3
       Hand axe          ||     4
 Cast: Flame Tongue      ||     6
 Abil: Spit Poison       ||    16
 Stab: Sleeping          ||     2
Dodge: Dodged            ||     6

Table legend:
 A = Non-vault XP
 B = Vault XP
 C = Vault XP percentage of total XP
 D = Non-vault monster count
 E = Vault monster count
 F = Vault count percentage of total count
                 A         B        C        D         E       F
            +---------+---------+-------+---------+---------+-------
      Total |      38 |       0 |   0.0 |      20 |       0 |   0.0
            +---------+---------+-------+---------+---------+-------
        D:1 |      38 |       0 |   0.0 |      20 |       0 |   0.0
            +---------+---------+-------+---------+---------+-------
